Map: Miner Evacuation

Players

raincamp

  • Race: Terran Terran

raincamp

  • Race: Terran Terran
  • Spawn Location: 7:00

VOD

Have the link to the VOD?

Description

Time

  • Played on: Jan. 21, 2018, 4:49 p.m.
  • Length: 26:29
Show
View Real Time Build Order
Export as new Build Order

raincamp Terran 

Build Orders:  

Get SALT Encoding   

  12  0:05  Starport Tech Lab  
  12  0:08  SCV  
  13  0:26  SCV  
  14  0:31  Supply Depot  
  15  0:43  SCV  
  15  1:06  SCV  
  15  1:07  Assault Galleon  
  17  1:23  SCV  
  17  1:30  Assault Galleon  
  18  1:41  SCV  
  18  1:55  Refinery  
  18  1:58  SCV  
  19  2:00  Refinery  
  19  2:15  SCV  
  21  2:30  Assault Galleon  
  21  2:32  SCV  
  21  2:49  Engineering Bay, SCV  
  22  3:06  SCV  
  22  3:09  Supply Depot  
  24  3:22  SCV  
  24  3:29  Jetpack Overdrive  
  24  3:39  SCV  
  25  3:56  SCV  
  26  4:03  Reaper  
  26  4:04  Reaper x2  
  30  4:13  Reaper x2, SCV  
  30  4:14  Reaper  
  34  4:30  SCV  
  34  4:43  Reaper x3  
  34  4:45  LE9 Cluster Charges  
  37  5:09  Reaper x3  
  40  5:16  Command Center  
  40  5:30  Reaper x2  
  40  5:31  Reaper  
  43  5:50  Reaper x2  
  43  5:51  Reaper  
  42  6:14  Armory  
  42  6:23  SCV  
  42  6:25  Reaper x3  
  44  6:34  Supply Depot  
  44  6:35  Reaper x2  
  47  6:40  SCV  
  46  7:05  Assault Galleon  
  46  7:37  Assault Galleon  
  46  7:43  SCV  
  47  8:00  SCV  
  47  8:03  Reaper  
  47  8:04  Reaper x2  
  50  8:13  Reaper  
  50  8:14  Reaper x2  
  50  8:18  SCV  
  50  8:19  Command Center  
  54  8:23  Reaper  
  54  8:24  Reaper x2  
  54  8:26  SCV  
  58  8:35  SCV  
  58  8:38  Reaper x3  
  58  8:39  Reaper  
  64  8:43  SCV  
  65  8:52  Refinery, SCV  
  65  8:55  Refinery  
  66  9:00  SCV  
  66  9:02  Supply Depot  
  66  9:08  SCV  
  67  9:17  SCV  
  68  9:20  Reaper x4  
  68  9:21  Reaper  
  68  9:26  Multi-Threaded Sensors  
  73  9:34  Horner Weapons Level 1  
  72  9:54  Reaper x3  
  72  9:55  Reaper x2  
  77  10:04  Reaper x5  
  83  10:10  SCV x2  
  83  10:17  Supply Depot  
  83  10:19  Supply Depot  
  81  10:26  SCV  
  81  10:27  SCV  
  81  10:29  Reaper  
  84  10:30  Reaper x4  
  88  10:45  Reaper x5  
  93  10:58  Theia Raven x2  
  97  11:00  Theia Raven  
  99  11:25  Trigger Override  
  101  11:32  SCV  
  101  11:33  SCV  
  101  11:49  SCV  
  103  11:50  SCV  
  103  12:06  SCV  
  103  12:07  SCV  
  105  12:20  Asteria Wraith  
  105  12:28  Unregistered Cloak System  
  109  13:01  Supply Depot  
  109  13:07  Supply Depot  
  109  13:08  SCV  
  109  13:09  SCV  
  111  13:10  Supply Depot  
  111  13:15  Asteria Wraith  
  115  13:31  Tactical Jump  
  115  13:36  Horner Weapons Level 2  
  93  15:16  Fusion Core  
  89  15:24  SCV x2  
  89  15:37  Asteria Wraith  
  93  15:50  Theia Raven x2  
  97  16:04  Reaper x5  
  102  16:14  Reaper x5  
  102  16:17  Supply Depot, SCV x2  
  109  16:24  Reaper x5, Supply Depot x2  
  109  16:26  Supply Depot  
  113  16:33  Reaper  
  113  16:34  Reaper x4  
  118  16:43  Reaper  
  118  16:44  Reaper x4  
  122  16:53  Reaper  
  122  16:54  Reaper x4  
  127  17:03  Reaper  
  127  17:04  Reaper x4  
  130  17:13  Reaper  
  130  17:14  Reaper x3  
  132  17:25  Reaper  
  132  17:26  Reaper x4  
  132  17:28  Sovereign Battlecruiser  
  138  17:35  Reaper  
  138  17:36  Reaper x2  
  140  17:40  Reaper x2  
  140  17:45  Reaper  
  140  17:46  Reaper x2  
  144  17:50  Reaper  
  144  17:54  Reaper  
  144  17:55  Reaper, Horner Weapons Level 3  
  144  17:56  Reaper x2  
  144  17:59  Reaper  
  148  18:04  Reaper  
  148  18:05  Reaper  
  148  18:06  Reaper x2  
  148  18:09  Reaper  
  151  18:14  Reaper  
  151  18:15  Reaper  
  151  18:16  Reaper  
  152  18:35  Reaper x3  
  152  18:36  Reaper x2  
  157  18:45  Reaper  
  157  18:46  Reaper  
  157  18:47  Reaper  
  162  18:55  Reaper  
  162  18:56  Reaper  
  162  18:57  Reaper  
  165  19:05  Reaper  
  165  19:06  Reaper  
  165  19:09  Reaper  
  168  19:10  Reaper  
  111  19:20  Reaper  
  111  19:22  Reaper  
  111  19:23  Reaper x2  
  111  19:28  Reaper  
  113  19:30  Reaper  
  113  19:32  Reaper  
  113  19:33  Reaper x2  
  113  19:38  Reaper  
  118  19:40  Reaper  
  118  19:42  Reaper  
  118  19:43  Reaper x2  
  118  19:48  Reaper  
  124  19:50  Reaper  
  124  19:52  Reaper  
  124  19:53  Reaper x2  
  124  19:58  Reaper  
  129  20:00  Reaper  
  129  20:08  Reaper  
  128  20:39  Reaper  
  133  20:40  Reaper x2  
  133  20:41  Reaper  
  133  20:43  Reaper, Asteria Wraith  
  133  20:44  Sovereign Battlecruiser  
  133  20:49  Reaper  
  140  20:50  Reaper x2  
  140  20:51  Reaper  
  140  20:53  Reaper  
  140  20:59  Reaper  
  141  21:00  Reaper  
  141  21:01  Reaper  
  141  21:03  Reaper  
  144  21:16  Reaper  
  144  21:17  Horner Armor Level 1, Reaper x2  
  144  21:19  Sovereign Battlecruiser  
  151  21:32  Reaper  
  151  21:33  Reaper x4  
  153  21:42  Reaper  
  153  21:43  Reaper x4  
  153  22:40  Reaper x5  
  153  22:49  Reaper  
  158  22:50  Reaper x4  
  158  22:59  Reaper  
  163  23:00  Reaper x4  
  163  23:09  Reaper  
  168  23:10  Reaper  
  169  23:37  Reaper  
  169  23:38  Reaper x4  
  174  23:59  Reaper  
  171  24:00  Reaper x4  
  171  24:02  Sovereign Battlecruiser  
  171  24:09  Reaper  
  179  24:10  Reaper x4  
  175  24:35  Supply Depot  
  175  24:37  Supply Depot x2  
  175  24:39  Supply Depot x2  
  172  24:41  Supply Depot  
  172  24:43  Supply Depot  
  148  25:11  Reaper x5  
  151  25:21  Reaper x5  
  156  25:31  Reaper x3  
  156  25:37  Reaper x2  
  157  25:41  Reaper x2  
  157  25:47  Reaper  
  146  26:05  Dominion Starport  
Show
View Real Time Build Order
Export as new Build Order

raincamp Terran 

Build Orders:  

Get SALT Encoding   

  12  0:35  Supply Depot  
Tags
 
Add a new tag
Caveats
  • Supply blocks, unpowered buildings, or Contaminate may cause inaccurate times.
  • Supply counts are checked every 10 seconds.